 Dungeon Crawl Stone Soup version 0.29.0-4-gdea44cf6ec (webtiles) character file.

Game seed: 6798362519851240899

98 qw the Chopper (level 4, -5/26 HPs)
             Began as a Tengu Warper on Aug 28, 2022.
             Slain by Edmund
             ... wielding a +0 vorpal dire flail
              (6 damage)
             ... on level 4 of the Dungeon.
             The game lasted 00:00:18 (2769 turns).

qw the Chopper (Tengu Warper)                       Turns: 2769, Time: 00:00:18

Health: -5/26      AC:  5    Str: 14    XL:     4   Next: 71%
Magic:  0/8        EV: 11    Int: 13    God:
Gold:   118        SH:  0    Dex: 13    Spells: 7/7 levels left

rFire   . . .      SeeInvis .   Y - +0 hand axe (drain)
rCold   . . .      Faith    .   (no shield)
rNeg    . . .      Spirit   +   e - +0 ring mail
rPois   .          Reflect  .   (helmet restricted)
rElec   .          Harm     .   (no cloak)
rCorr   .          Rampage  .   (no gloves)
Will    .....                   (boots unavailable)
Stlth   +.........              f - amulet of guardian spirit
HPRegen 0.08/turn               (no ring)
MPRegen 0.11/turn               (no ring)

@: no status effects
A: beak, talons 3
a: no special abilities


You were on level 4 of the Dungeon.
You visited 1 branch of the dungeon, and saw 4 of its levels.

You collected 118 gold pieces.


Innate Abilities, Weirdness & Mutations

You have a beak for a mouth.
You have claws for feet.


   Skills:
 - Level 2.0 Fighting
 + Level 5.2 Axes
 - Level 1.0 Throwing
 - Level 1.1 Armour
 - Level 2.1 Dodging
 - Level 2.0 Spellcasting
 - Level 2.4 Translocations


You had 7 spell levels left.
You didn't know any spells.
Your spell library contained the following spells:

 Spells                   Type           Power      Damage    Failure   Level
 Blink                    Tloc           14%        N/A       30%         2
 Gell's Gravitas          Tloc           7%         N/A       52%         3
 Lesser Beckoning         Tloc           7%         N/A       52%         3
 Teleport Other           Tloc           7%         N/A       52%         3
 Manifold Assault         Tloc           7%         N/A       99%         5

Inventory:

Hand Weapons
 g - a +0 mace
 Y - a +0 hand axe of draining (weapon)
Armour
 e - a +0 ring mail (worn)
Jewellery
 f - an amulet of guardian spirit (around neck)
Scrolls
 b - a scroll of identify
 c - a scroll of enchant armour
Potions
 a - 2 potions of curing
 d - a potion of resistance {unknown}
 h - a potion of cancellation
 j - a potion of lignification {unknown}
 k - a potion of magic {unknown}

Dungeon Overview and Level Annotations

Branches:
Dungeon (4/15)
 Temple: D:4-7

Altars:

Annotations:
D:4 Edmund


Message History

You climb downwards.
There is a stone staircase leading up here.
Existing waypoints: (1) D:2 (2) D:3 Assign waypoint to what number? (0-9, D - delete waypoint) Waypoint 1 re-assigned from D:2 to D:4.
You now have 118 gold pieces (gained 9).
d - a fuming emerald potion
Enter note: A ball python comes into view.
The ball python hisses angrily.
You hear a shout!
Edmund the Younger comes into view.
He is wielding a +0 vorpal dire flail.
You barely miss the ball python. You claw the ball python.
You kill the ball python!
A necrophage comes into view.
2760 ||| Stepping ~*~*~tactically~*~*~ (stealth).
You closely miss Edmund.
Edmund hits you with a +0 vorpal dire flail!
You hit Edmund. Your kick misses Edmund.
Edmund is lightly wounded.
Edmund misses you.
You closely miss Edmund. You claw Edmund. Your peck misses Edmund.
Edmund is lightly wounded.
Edmund hits you with a +0 vorpal dire flail!
You barely miss Edmund. Your peck misses Edmund.
Edmund is lightly wounded.
Edmund hits you with a +0 vorpal dire flail.
You barely miss Edmund. You claw Edmund. You peck Edmund.
Edmund is moderately wounded.
Edmund hits you with a +0 vorpal dire flail!
You hit Edmund. You drain Edmund.
Edmund is heavily wounded.
Edmund barely misses you.
You hit Edmund but do no damage.
Edmund is heavily wounded.
Edmund barely misses you.
You closely miss Edmund. Your kick misses Edmund.
Edmund is heavily wounded.
Edmund hits you with a +0 vorpal dire flail!
You die...

...........#
.....#.#######.####
....... ##.#.#
.......####....#
.......+.......#
.....###.....# ..n
#.#.#.# #@###.###.#
#.@.......#
#####.#####
.#######.#
.........#
.#########


You could see Edmund (drained) and a necrophage.

Vanquished Creatures
  3 adders (D:2)
  2 worms
  A dart slug (D:2)
  6 bats
  11 endoplasms
  4 giant cockroaches
  7 goblins
  4 hobgoblins
  6 kobolds
  2 quokkas (D:2)
  5 ball pythons
  3 rats
54 creatures vanquished.

Notes
Turn   | Place    | Note
-------+----------+-------------------------------------------
     0 | D:1      | qw the Tengu Warper began the quest for the Orb.
     0 | D:1      | Reached XP level 1. HP: 12/12 MP: 4/4
     0 | D:1      | 0 ||| qw: Version: 0.1-a-89-g26bdef1
     0 | D:1      | 0 ||| qw: Game counter: 1030
     0 | D:1      | 0 ||| qw: Always use a shield: true
     0 | D:1      | 0 ||| qw: God list: Okawaru
     0 | D:1      | 0 ||| qw: Allow faded altars: false
     0 | D:1      | 0 ||| qw: Do Orc after D:15 true
     0 | D:1      | 0 ||| qw: Do second Lair branch before Depths: true
     0 | D:1      | 0 ||| qw: Lair rune preference: random
     0 | D:1      | 0 ||| qw: Plans: Normal
     0 | D:1      | 0 ||| PLANNING D:1-11
    35 | D:1      | Found a faded altar of an unknown god.
   171 | D:1      | Reached skill level 3 in Axes
   171 | D:1      | Reached XP level 2. HP: 15/17 MP: 6/6
   319 | D:1      | 319 ||| DROPPING +0 club.
   604 | D:1      | 604 ||| UPGRADING to amulet of guardian spirit.
   609 | D:1      | 609 ||| READING scroll labelled PUOSHAMUDU.
   610 | D:1      | 610 ||| READING scroll labelled QIHINU TAUR.
   611 | D:1      | 611 ||| DRINKING 2 murky inky potions.
   612 | D:1      | 612 ||| DROPPING scroll of blinking.
   613 | D:1      | 613 ||| DROPPING potion of flight.
   627 | D:2      | 627 ||| Stepping ~*~*~tactically~*~*~ (hiding).
   742 | D:2      | 742 ||| Stepping ~*~*~tactically~*~*~ (hiding).
   849 | D:2      | Reached XP level 3. HP: 21/21 MP: 7/7
   992 | D:2      | Reached skill level 4 in Axes
  1013 | D:2      | You fall into a shaft and drop 1 floor!
  1070 | D:3      | 1070 ||| READING scroll labelled ECURAO CETHI.
  1078 | D:3      | 1078 ||| FLEEEEING.
  1079 | D:3      | 1079 ||| STAIRDANCE
  1496 | D:2      | Reached XP level 4. HP: 26/26 MP: 8/8
  1748 | D:2      | Reached skill level 5 in Axes
  1922 | D:2      | 1922 ||| UPGRADING to +0 ring mail.
  1932 | D:2      | 1932 ||| DROPPING +0 leather armour.
  1933 | D:2      | 1933 ||| DROPPING +1 robe of the Archmagi.
  1934 | D:2      | 1934 ||| DROPPING amulet of magic regeneration.
  1935 | D:2      | 1935 ||| READING scroll labelled UTIYGO FERITAMNONN.
  1936 | D:2      | 1936 ||| READING scroll labelled MECYSHRO KOHES.
  1937 | D:2      | 1937 ||| DRINKING 3 murky golden potions.
  1961 | D:3      | 1961 ||| STAIRDANCE
  2179 | D:3      | 2179 ||| Stepping ~*~*~tactically~*~*~ (stealth).
  2366 | D:3      | 2366 ||| Stepping ~*~*~tactically~*~*~ (hiding).
  2692 | D:3      | 2692 ||| READING 4 scrolls labelled IRISUT DUON.
  2693 | D:3      | 2693 ||| READING scroll labelled SUADIA MUAGH.
  2694 | D:3      | 2694 ||| READING 3 scrolls of identify.
  2694 | D:3      | 2694 ||| IDENTIFYING red potion
  2695 | D:3      | 2695 ||| READING 2 scrolls of identify.
  2695 | D:3      | 2695 ||| IDENTIFYING coppery potion
  2696 | D:3      | 2696 ||| DROPPING potion of degeneration.
  2755 | D:4      | Noticed Edmund
  2759 | D:4      | Noticed a necrophage
  2760 | D:4      | 2760 ||| Stepping ~*~*~tactically~*~*~ (stealth).
  2766 | D:4      | HP: 2/26 [Edmund/+0 vorpal dire flail (6)]
  2769 | D:4      | Slain by Edmund

Levels and vault maps discovered:
D:1:      lightli_arrival_flooded_house, layout_basic,
          hellmonk_ecumenical_altar_run_dry
D:2:      layout_basic, minmay_tiny_reverse_x
D:3:      layout_rooms, st_stairs_12, hex_medium
D:4:      lemuel_castle_with_subvaults [lemuel_castle_interior_carwin_1],
          layout_loops_corners, mainiacjoe_overflow_brackets,
          minmay_temple_entry_offerings, nicolae_wormholes, uniq_edmund

Skill      XL: |  1  2  3  4 |
---------------+-------------+-----
Axes           | 3 4 5 |  5.2
Fighting       | |  2.0
Throwing       | |  1.0
Armour         | |  1.1
Dodging        | |  2.1
Spellcasting   | |  2.0
Translocations | |  2.4

Action                   |  1- 3 |  4- 6 || total
-------------------------+-------+-------++-------
Melee: Hand axe          |    78 |    36 ||   114
       Kick              |    16 |    12 ||    28
       Peck              |     6 |     7 ||    13
Throw: Boomerang         |     7 |       ||     7
  Use: Scroll            |     3 |     6 ||     9
       Potion            |     1 |     1 ||     2
 Stab: Sleeping          |     1 |       ||     1
Armor: Leather armour    |    35 |     1 ||    36
       Ring mail         |       |     6 ||     6
Dodge: Dodged            |    45 |    13 ||    58

Table legend:
 A = Non-vault XP
 B = Vault XP
 C = Vault XP percentage of total XP
 D = Non-vault monster count
 E = Vault monster count
 F = Vault count percentage of total count
                 A         B        C        D         E       F
            +---------+---------+-------+---------+---------+-------
      Total |     124 |      17 |  12.1 |      51 |       3 |   5.6
            +---------+---------+-------+---------+---------+-------
        D:1 |      28 |       0 |   0.0 |      16 |       0 |   0.0
        D:2 |      68 |      15 |  18.1 |      22 |       2 |   8.3
        D:3 |      26 |       2 |   7.1 |      12 |       1 |   7.7
        D:4 |       2 |       0 |   0.0 |       1 |       0 |   0.0
            +---------+---------+-------+---------+---------+-------
